 Seeded DCSS version 0.29.0-13-gc9e81de378 (webtiles) character file.

Game seed: 2517352308829613273 (custom seed)

14 NinjaNoafa the Magician (level 2, -1/21 HPs)
             Began as a Djinni Fire Elementalist on Sept 9, 2022.
             Slain by a gnoll
             ... wielding a +0 spear
              (5 damage)
             ... on level 1 of the Dungeon.
             The game lasted 00:01:37 (1215 turns).

NinjaNoafa the Magician (Djinni Fire Elementalist)  Turns: 1215, Time: 00:01:38

Health: -1/21      AC:  5    Str:  7    XL:     2   Next: 55%
Gold:   21         EV: 11    Int: 16    God:
                   SH:  0    Dex: 13

rFire   + + .      SeeInvis .   b - +1 dagger (flame)
rCold   . . .      Faith    .   (no shield)
rNeg    . . .      Spirit   .   i - +1 leather armour {rC+}
rPois   ∞          Reflect  .   (no helmet)
rElec   .          Harm     .   (no cloak)
rCorr   .          Rampage  .   g - +0 pair of gloves
Will    .....                   (boots unavailable)
Stlth   ++........              (no amulet)
HPRegen 0.07/turn               (no ring)
MPRegen 0.00/turn               (no ring)

@: flying
A: sickness immunity, fire resistance 2, cold vulnerability 1, float, innate
caster, HP casting, extra vitality 1
a: no special abilities


You were on level 1 of the Dungeon.
You visited 1 branch of the dungeon, and saw 1 of its levels.

You collected 21 gold pieces.

Inventory:

Hand Weapons
 b - a +1 dagger of flaming (weapon)
Missiles
 e - 14 stones
Armour
 g - a +0 pair of gloves (worn)
 i - a +1 leather armour of cold resistance (worn)
Scrolls
 c - a scroll of teleportation {unknown}
 h - a scroll of identify {unknown}
 j - a scroll of amnesia {unknown}
 k - a scroll of vulnerability {unknown}
Potions
 a - a potion of heal wounds {unknown}
 d - 2 potions of degeneration {unknown}
 f - a potion of curing {unknown}


   Skills:
 - Level 2.1 Dodging
 - Level 1.5 Stealth
 + Level 3.0 Spellcasting


You couldn't memorise any spells.
You knew the following spells:

 Your Spells              Type           Power      Damage    Failure   Level
a - Foxfire               Conj/Fire      48%        2x1d6     9%          1
b - Scorch                Fire           24%        2d6       12%         2
c - Conjure Flame         Conj/Fire      12%        6-21      24%         3
d - Inner Flame           Hex/Fire       12%        N/A       24%         3
e - Flame Wave            Conj/Fire      12%        2d6       63%         4
Your spell library was empty.

Dungeon Overview and Level Annotations

Branches:
Dungeon (1/15)

Altars:


Innate Abilities, Weirdness & Mutations

You are immune to sickness and miasma.
You are immune to poison.
Your flesh is very heat resistant. (rF++)
You are vulnerable to cold. (rC-)
You float through the air rather than walking.
You learn spells naturally, not from books.
Your magical power is your life essence.
You have superior vitality. (+4 MHP)


Message History

The gnoll hits you from afar with a +0 spear.
Casting: Scorch (safe; 12% risk of failure)
Confirm with . or Enter, or press ? or * to list all spells.
You conjure some foxfire!
The gnoll is no longer more vulnerable to fire.
The gnoll barely misses you.
The foxfire hits the gnoll.
The gnoll is moderately wounded.
The foxfire hits the gnoll but does no damage.
The gnoll is moderately wounded.
Casting: Foxfire (safe; 9% risk of failure)
Confirm with . or Enter, or press ? or * to list all spells.
You conjure some foxfire!
The gnoll completely misses you.
Your foxfire dissipates!
The foxfire hits the gnoll.
The gnoll is heavily wounded.
Casting: Foxfire (safe; 9% risk of failure)
Confirm with . or Enter, or press ? or * to list all spells.
You conjure some foxfire!
The gnoll hits you from afar with a +0 spear.
* * * LOW HITPOINT WARNING * * *
The foxfire hits the gnoll.
The gnoll is severely wounded.
The foxfire hits the gnoll but does no damage.
The gnoll is severely wounded.
Casting: Foxfire (safe; 9% risk of failure)
Confirm with . or Enter, or press ? or * to list all spells.
You conjure some foxfire!
* * * LOW HITPOINT WARNING * * *
The gnoll barely misses you.
Your foxfire dissipates!
The foxfire hits the gnoll but does no damage.
The gnoll is severely wounded.
Your magical contamination has completely faded away.
Casting: Foxfire (safe; 9% risk of failure)
Confirm with . or Enter, or press ? or * to list all spells.
You conjure some foxfire!
* * * LOW HITPOINT WARNING * * *
The gnoll hits you from afar with a +0 spear.
You die...

#.# #... #.# ###. #.# #.
#.# #### #. #.# ..# ## #.#
##################.#####.#
#.#
..........§g..............
#.#
####...##v#######.#####.#
#.##.# #....#@# #...
#.##.# ###....#v# #####
#.##.# #......#.# #.##.#
#.#....#.# #.##.#
#.#....#.# #.##.#
#.#....#.#
#.##.####.#....#.#
#.##......#....#.#
...............#


You could see a gnoll (ally target).

Vanquished Creatures
  A dart slug (D:1)
  An endoplasm (D:1)
  4 goblins (D:1)
  2 hobgoblins (D:1)
  A quokka (D:1)
  A kobold (D:1)
10 creatures vanquished.

Vanquished Creatures (others)
  40 foxfires (D:1)
40 creatures vanquished.

Grand Total: 50 creatures vanquished

Notes
Turn   | Place    | Note
-------+----------+-------------------------------------------
     0 | D:1      | NinjaNoafa the Djinni Fire Elementalist began the quest for
                  | the Orb.
     0 | D:1      | NinjaNoafa set off with the following spells memorised:
                  | Foxfire, Scorch, Conjure Flame, Inner Flame, Flame Wave.
     0 | D:1      | Reached XP level 1. HP: 15/15 MP: 0/0
   395 | D:1      | Reached XP level 2. HP: 20/21 MP: 0/0
   689 | D:1      | Reached skill level 3 in Spellcasting
   853 | D:1      | Found a faded altar of an unknown god.
  1215 | D:1      | Slain by a gnoll

Illustrated notes

Levels and vault maps discovered:
D:1:      minmay_arrival_hallway, layout_basic,
          shapermc_ecumenical_altar_notcrosses, dk_noncrumbling_3

Skill      XL: |  1  2 |
---------------+-------+-----
Spellcasting   | 3 |  3.0
Dodging        | |  2.1
Stealth        | |  1.5

Action                   || total
-------------------------++-------
 Cast: Foxfire           ||    27
       Scorch            ||     2
Armor: Robe              ||     1
Dodge: Dodged            ||     8
